 Dungeon Crawl Stone Soup version 0.25-a0-100-g33052ceff8 (webtiles) character file.

Game seed: 4973236966514937022, levelgen mode: deterministic

123 vurker the Magician (level 4, -3/32 HPs)
             Began as a Mummy Fire Elementalist on Nov 14, 2019.
             Slain by a gnoll
             ... wielding a +0 flail
              (10 damage)
             ... on level 1 of the Dungeon.
             The game lasted 00:03:39 (2576 turns).

vurker the Magician (Mummy Fire Elementalist)       Turns: 2576, Time: 00:03:40

Health: -3/32      AC:  2    Str: 11    XL:     4   Next: 79%
Magic:  3/10       EV: 12    Int: 15    God:
Gold:   47         SH:  0    Dex: 12    Spells: 10/11 levels left

rFire    x . .     SeeInvis .   f - +0 dagger
rCold    + . .     Gourm    .   (no shield)
rNeg     + + +     Faith    .   a - +0 robe
rPois    ∞         Spirit   .   (no helmet)
rElec    .         Reflect  .   (no cloak)
rCorr    .         Harm     .   (no gloves)
MR       .....                  (no boots)
Stlth    ++........             (no amulet)
HPRegen  0.10/turn              (no ring)
MPRegen  0.12/turn              (no ring)

@: very slightly contaminated
A: no food or potions, fire vulnerability, cold resistance 1, negative energy
resistance 3, torment resistance, unbreathing
a: no special abilities


You were on level 1 of the Dungeon.
You were not hungry.

You visited 1 branch of the dungeon, and saw 2 of its levels.

You collected 47 gold pieces.

Inventory:

Hand Weapons
 f - a +0 dagger (weapon)
   (You took it off a goblin on level 2 of the Dungeon)
Armour
 a - a +0 robe (worn)
Scrolls
 b - a scroll of enchant weapon {unknown}
 c - a scroll of remove curse {unknown}
 d - 2 scrolls of identify {unknown}
 e - a scroll of teleportation {unknown}


   Skills:
 + Level 1.2 Fighting
 - Level 1.5 Dodging
 - Level 1.5 Stealth
 * Level 4.0 Spellcasting
 * Level 2.1 Conjurations
 * Level 3.2 Fire Magic


You had 10 spell levels left.
You knew the following spells:

 Your Spells              Type           Power        Failure   Level  Hunger
a - Flame Tongue          Conj/Fire      ##...        6%          1    N/A

Your spell library contained the following spells:

 Spells                   Type           Power        Failure   Level  Hunger
 Throw Flame              Conj/Fire      ##....       9%          2    N/A
 Conjure Flame            Conj/Fire      ##......     19%         3    N/A
 Inner Flame              Hex/Fire       #.......     28%         3    N/A
 Sticky Flame             Conj/Fire      ##......     52%         4    N/A
 Fireball                 Conj/Fire      ##........   86%         5    N/A

Dungeon Overview and Level Annotations

Branches:
Dungeon (2/15)

Altars:


Innate Abilities, Weirdness & Mutations

You do not eat or drink.
Your flesh is vulnerable to fire.
You are immune to poison.
Your flesh is cold resistant. (rC+)
You are immune to negative energy. (rN+++)
You are immune to unholy pain and torment.
You can survive without breathing.


Message History

The flame tongue misses the gnoll. x2
There is a stone staircase leading up here.
Aim: a gnoll (moderately wounded)
The flame tongue hits the gnoll.
The gnoll hits you.
Aim: a gnoll (heavily wounded)
The flame tongue hits the gnoll.
The gnoll hits you.
Aim: a gnoll (severely wounded)
The flame tongue hits the gnoll!
You kill the gnoll!
Your Spellcasting skill increases to level 4!
The gnoll hits you from afar with a cursed +0 halberd!
* * * LOW HITPOINT WARNING * * *
The gnoll hits you with a +0 flail!
* * * LOW HITPOINT WARNING * * *
You climb upwards.
There is a stone staircase leading down here.
Really walk into that teleport trap?
You enter a teleport trap!
The teleport trap disappears.
Your surroundings suddenly seem different.
You start resting.
You start resting.
Search for what [Enter for "ego", or ? for help]?
Okay, then.
Level map cleared.
The gnoll is too close now for your liking.
You can't see any susceptible monsters within range! (Use Z to cast anyway.)
The gnoll shouts!
Aim: a gnoll, wielding a +0 flail You miscast Flame Tongue.
You are very lightly contaminated with residual magic.
Sparks fly from your hands!
Aim: a gnoll, wielding a +0 flail The flame tongue misses the gnoll.
Aim: a gnoll, wielding a +0 flail The flame tongue hits the gnoll.
The gnoll hits you with a +0 flail.
Aim: a gnoll, wielding a +0 flail (moderately wounded)
The flame tongue hits the gnoll.
The gnoll barely misses you.
Aim: a gnoll, wielding a +0 flail (moderately wounded)
The flame tongue misses the gnoll.
The gnoll hits you with a +0 flail!
* * * LOW HITPOINT WARNING * * *
Aim: a gnoll, wielding a +0 flail (moderately wounded)
The flame tongue hits the gnoll but does no damage.
The gnoll hits you with a +0 flail!
* * * LOW HITPOINT WARNING * * *
Aim: a gnoll, wielding a +0 flail (moderately wounded)
The flame tongue hits the gnoll.
The gnoll misses you.
Aim: a gnoll, wielding a +0 flail (severely wounded)
The flame tongue hits the gnoll.
The gnoll hits you with a +0 flail!
You die...

*********##.#......#.#*,,,,,,,,,,
,,,,,,,,*............#*****,,,,,,
,,,,,,*,*..........#######*,,,,,,
,,,,(,),,..........#.....#*******
,,,,,,*,*...#......#.....#
≈***,,*,,.,,#.##.........####
*,,,*,*****,#.#!............##
*,⌠,*,,),*,,#...g.......###..####
*,,,*,***#....#.@.......# ##.....
≈***,,,,,#.##.#(........# #.###.
≈≈,,,,,*,#,*#,##.#......####.###,
≈≈,,,,,*,*,**,*#.#......##.....#†
≈***,,**,*,,,,*#.#########'#.#'#*
*,,,*,,,,*****>..# *.'.#.#..)
*,⌠,*,,),***,,,### ***#.#.#.#,.<
*,,,*,,*,**,,*,******,...#.#'#,.>
≈***),,,,,,,,,***,,,*.##,#.#.#,,.


You could see a gnoll.

Vanquished Creatures
  7 gnolls (D:2)
  A worm (D:2)
  8 giant cockroaches
  4 goblins
  11 hobgoblins
  2 jackals (D:1)
  5 kobolds
  A quokka (D:2)
  7 bats
  3 rats
49 creatures vanquished.

Notes
Turn   | Place    | Note
-------+----------+-------------------------------------------
     0 | D:1      | vurker the Mummy Fire Elementalist began the quest for the
                  | Orb.
     0 | D:1      | Reached XP level 1. HP: 13/13 MP: 4/4
    84 | D:1      | Reached skill level 1 in Conjurations
    96 | D:1      | Reached skill level 3 in Spellcasting
    97 | D:1      | Reached XP level 2. HP: 4/19 MP: 0/6
   895 | D:1      | Reached XP level 3. HP: 25/25 MP: 4/7
  1343 | D:2      | Reached skill level 1 in Fighting
  1411 | D:2      | Reached XP level 4. HP: 27/32 MP: 7/9
  2260 | D:2      | Reached skill level 4 in Spellcasting
  2576 | D:1      | Slain by a gnoll

Levels and vault maps discovered:
D:1:      shiori_arrival_maze, layout_basic, roderic_serpentine_path,
          grunt_decor_cap, st_stairs_14, fountainhead
D:2:      layout_rooms

Skill      XL: |  1  2  3  4 |
---------------+-------------+-----
Conjurations   | 1 2 |  2.1
Spellcasting   | 3 4 |  4.0
Fighting       | 1 |  1.2
Fire Magic     | 3 |  3.2
Dodging        | |  1.5
Stealth        | |  1.5

Action                   |  1- 3 |  4- 6 || total
-------------------------+-------+-------++-------
Melee: Short sword       |    22 |       ||    22
       Dagger            |     2 |       ||     2
 Cast: Flame Tongue      |    53 |    41 ||    94
Armor: Robe              |    10 |     2 ||    12
Dodge: Dodged            |    44 |    15 ||    59

Table legend:
 A = Non-vault XP
 B = Vault XP
 C = Vault XP percentage of total XP
 D = Non-vault monster count
 E = Vault monster count
 F = Vault count percentage of total count
                 A         B        C        D         E       F
            +---------+---------+-------+---------+---------+-------
      Total |     171 |       5 |   2.8 |      46 |       3 |   6.1
            +---------+---------+-------+---------+---------+-------
        D:1 |      44 |       5 |  10.2 |      24 |       3 |  11.1
        D:2 |     127 |       0 |   0.0 |      22 |       0 |   0.0
            +---------+---------+-------+---------+---------+-------
